 Dungeon Crawl Stone Soup version 0.27.0-1-g7a089689b8 (webtiles) character file.

Game seed: 14891712033425194753

242 theswoord the Chopper (level 5, -1/38 HPs)
             Began as a Demonspawn Gladiator on Aug 8, 2021.
             Killed from afar by an orc wizard (4 damage)
             ... with a puff of flame
             ... on level 4 of the Dungeon.
             The game lasted 00:03:25 (2961 turns).

theswoord the Chopper (Demonspawn Gladiator)        Turns: 2961, Time: 00:03:26

Health: -1/38      AC: 11    Str: 15    XL:     5   Next: 81%
Magic:  5/5        EV: 10    Int:  9    God:
Gold:   96         SH:  0    Dex: 15    Spells: 4/4 levels left

rFire    . . .     SeeInvis .   a - +0 war axe
rCold    . . .     Faith    .   (no shield)
rNeg     . . .     Spirit   .   m - +0 scale mail
rPois    .         Reflect  +   f - +2 helmet
rElec    .         Harm     .   (no cloak)
rCorr    .         Rampage  .   (no gloves)
Will     .....                  (no boots)
Stlth    ..........             i - amulet of reflection
HPRegen  0.12/turn              (no ring)
MPRegen  0.09/turn              (no ring)

@: confused
A: claws 1, icy blue scales 1, powered by pain 1
a: no special abilities


You were on level 4 of the Dungeon.
You visited 1 branch of the dungeon, and saw 4 of its levels.

You collected 96 gold pieces.

Inventory:

Hand Weapons
 a - a +0 war axe (weapon)
Missiles
 d - 4 throwing nets (quivered)
 j - 8 silver boomerangs
Armour
 b - a +0 leather armour
 c - a +0 helmet
 f - a +2 helmet (worn)
 m - a +0 scale mail (worn)
 n - a +0 cloak
Jewellery
 i - an amulet of reflection (around neck)
Wands
 h - a wand of digging (8)
Scrolls
 e - a scroll of amnesia {unknown}
Potions
 g - 2 potions of attraction
 k - a potion of mutation


   Skills:
 - Level 2.0 Fighting
 + Level 6.0 Axes
 - Level 1.7 Throwing
 - Level 2.6 Dodging


You had 4 spell levels left.
You didn't know any spells.
Your spell library was empty.

Dungeon Overview and Level Annotations

Branches:
Dungeon (4/15)
 Temple: D:4-7

Altars:


Innate Abilities, Weirdness & Mutations

You have sharp fingernails.
You are partially covered in icy blue scales. (AC +2)
You sometimes gain a little power by taking damage.


Message History

Your extra speed is starting to run out.
Something hits you.
* * * LOW HITPOINT WARNING * * *
Something hits you but does no damage.
You barely miss something. x2; Something hits you but does no damage. x2
Something hits you but does no damage.
You miss something. x2
You hear some strange, mumbled words.
A puff of flame appears from out of thin air!
The puff of flame misses you. Something hits you but does no damage.
You closely miss something. You barely miss something.
You hear some strange, mumbled words.
A puff of flame appears from out of thin air!
The puff of flame hits you but does no damage.
You feel less confused. Something hits you but does no damage.
Something hits you.
* * * LOW HITPOINT WARNING * * *
Unknown command.
You closely miss something. You completely miss something.
Something hits you but does no damage.
You miss something. You closely miss something.
You feel yourself slow down.
Something hits you but does no damage. x2
You closely miss something. You miss something.
Something hits you but does no damage. x2
You barely miss something.
Your scale mail prevents you from hitting something.
Something hits you.
* * * LOW HITPOINT WARNING * * *
You hear some strange, mumbled words.
A magic dart appears from out of thin air!
The magic dart hits you!
* * * LOW HITPOINT WARNING * * *
You hear some strange, mumbled words.
You are confused.
You completely miss something. x2
You hear some strange, mumbled words.
A puff of flame appears from out of thin air!
The puff of flame hits you.
You die...

#<# #.# #.# #.# #.#
######.#######.
#.....)........
###.####)#######.##
........@{......>.#
###$..##.{)....#..#
#.........#......
#....#.#.....####
......#.#..#....
###..! ..#.###.##.
#......#.. ... #
#.....#.#.. ###
......#.#..#


There were no monsters in sight!

Vanquished Creatures
  An ice beast (D:3)
  Crazy Yiuf (D:3)
  An orc wizard (D:4)
  Ijyb (D:3)
  An adder (D:3)
  A dart slug (D:3)
  3 orcs (D:4)
  3 ball pythons
  2 endoplasms (D:1)
  2 giant cockroaches (D:1)
  3 goblins
  10 hobgoblins
  7 jackals
  2 quokkas (D:1)
  4 bats
  2 frilled lizards
  3 kobolds
  8 rats
55 creatures vanquished.

Notes
Turn   | Place    | Note
-------+----------+-------------------------------------------
     0 | D:1      | theswoord the Demonspawn Gladiator began the quest for the
                  | Orb.
     0 | D:1      | Reached XP level 1. HP: 16/16 MP: 1/1
    36 | D:1      | Reached skill level 3 in Axes
   111 | D:1      | Gained mutation: You have sharp fingernails. [demonic
                  | ancestry]
   111 | D:1      | Reached XP level 2. HP: 17/22 MP: 2/2
   877 | D:1      | Gained mutation: You are partially covered in icy blue
                  | scales. (AC +2) [demonic ancestry]
   877 | D:1      | Reached XP level 3. HP: 26/27 MP: 3/3
  1490 | D:2      | Reached skill level 4 in Axes
  1534 | D:2      | Found a faded altar of an unknown god.
  1786 | D:3      | Noticed an ice beast
  1807 | D:3      | Killed an ice beast
  1808 | D:3      | Reached skill level 5 in Axes
  1808 | D:3      | Gained mutation: You sometimes gain a little power by
                  | taking damage. [demonic ancestry]
  1808 | D:3      | Reached XP level 4. HP: 33/33 MP: 4/4
  1894 | D:3      | Reached XP level 5. HP: 38/38 MP: 5/5
  1933 | D:3      | Found a runed translucent door.
  1934 | D:3      | Noticed Crazy Yiuf
  1970 | D:3      | Noticed Ijyb
  1990 | D:3      | Killed Ijyb
  2674 | D:3      | Killed Crazy Yiuf
  2914 | D:4      | Reached skill level 6 in Axes
  2961 | D:4      | Killed from afar by an orc wizard

Skill      XL: |  1  2  3  4  5 |
---------------+----------------+-----
Axes           | 3 5 6 |  6.0
Fighting       | |  2.0
Throwing       | |  1.7
Dodging        | |  2.6

Action                   |  1- 3 |  4- 6 || total
-------------------------+-------+-------++-------
Melee: War axe           |   107 |    75 ||   182
  Use: Scroll            |     6 |       ||     6
       Potion            |     1 |     2 ||     3
 Stab: Sleeping          |     1 |       ||     1
       Invisible         |       |     1 ||     1
Armor: Leather armour    |    28 |       ||    28
       Scale mail        |    22 |    79 ||   101
Dodge: Dodged            |    65 |    33 ||    98
Block: Other             |    12 |    11 ||    23

Levels and vault maps discovered:
D:1:      dpeg_arrival_brainrot, layout_loops_ring, roderic_serpentine_path
D:2:      layout_basic, ebering_ecumenical_altar_sacrificial
D:3:      layout_loops_cross, uniq_ijyb, uniq_crazy_yiuf_cottage
D:4:      cheibrodos_greedy_goblins, layout_basic, uniq_menkaure, uniq_sigmund
